 Dungeon Crawl Stone Soup version 0.31.0-2-g5a2aebc5c2 (webtiles) character file.

Game seed: 15649580078489064615

159 BigPumpCobain the Ruffian (level 5, -1/63 HPs)
             Began as a Draconian Shapeshifter on Jan 20, 2024.
             Blown up by Ijyb (17 damage)
             ... with a mindburst bolt
             ... on level 3 of the Dungeon.
             The game lasted 00:02:05 (2302 turns).

BigPumpCobain the Ruffian (Draconian Shapeshifter)  Turns: 2302, Time: 00:02:05

Health: -1/63      AC: 22    Str: 18    XL:     5   Next: 17%
Magic:  5/5        EV:  2    Int: 11    God:
Gold:   133        SH:  0    Dex: 16    Spells: 4/4 levels left

rFire   . .          .
                       - Unarmed
rCold   . . .        (no shield)
rNeg    . . .        (body armour unavailable)
rPois   +            (helmet currently unavailable)
rElec   .            (cloak currently unavailable)
rCorr   .            (gloves currently unavailable)
SInv    .            (boots currently unavailable)
Will    .....        (no amulet)
Stlth   +            j - +6 ring of dexterity
HPRegen 0.30/turn    (no ring)
MPRegen 0.09/turn

%: no passive effects
@: tree-form
A: stationary, stasis, torment immunity, boosted hp, AC +5, unfitting armour,
(cold-blooded)
a: no special abilities


You were on level 3 of the Dungeon.
You were a tree.
You visited 1 branch of the dungeon, and saw 3 of its levels.

You collected 133 gold pieces.

Inventory:

Hand Weapons
 m - a +0 whip of venom
Armour
 f - a +0 pair of boots
Jewellery
 j - a +6 ring of dexterity (left branch)
Talismans
 b - a beast talisman
 c - a flux talisman
Wands
 s - a wand of flame (9)
Scrolls
 d - a scroll of blinking {unknown}
 e - a scroll of poison {unknown}
 h - a scroll of revelation {unknown}
 i - a scroll of enchant armour {unknown}
 k - a scroll of enchant weapon {unknown}
 n - 2 scrolls of identify {unknown}
 r - a scroll of summoning {unknown}
Potions
 g - 3 potions of might {unknown}
 l - a potion of heal wounds {unknown}
 o - a potion of resistance {unknown}
 p - 2 potions of curing {unknown}
 q - 2 potions of attraction {unknown}


   Skills:
 + Level 2.5 Fighting
 + Level 2.6 Dodging
 * Level 4.4 Unarmed Combat
 + Level 3.6 Shapeshifting


You had 4 spell levels left.
You didn't know any spells.
Your spell library contained the following spells:

 Spells                   Type           Power      Damage    Failure   Level
 Apportation              Tloc           0%         N/A       34%         1
 Necrotise                Necr           0%         1d4       34%         1
 Sting                    Conj/Alch      0%         1d3       34%         1
 Summon Small Mammal      Summ           0%         N/A       34%         1


Dungeon Overview and Level Annotations

Branches:
Dungeon (3/15)

Altars:
Ashenzari
Elyvilon

Shops:
D:1 *

Annotations:
D:3 Ijyb


Innate Abilities, Weirdness & Mutations

You are a tree.
Your roots penetrate the ground, keeping you stationary.
You cannot be teleported.
You are immune to unholy pain and torment.
Your maximum health is greatly increased.
Your equipment is partially melded.
((Your plain brown scales are hard. (AC +5)))
You cannot fit into any form of body armour.
((You are cold-blooded and may be slowed by cold attacks.))


Message History

You are too injured to fight recklessly!
You are too injured to fight recklessly!
You are too injured to fight recklessly!
You are too injured to fight recklessly!
You are too injured to fight recklessly!
You are too injured to fight recklessly!
You are too injured to fight recklessly!
You are too injured to fight recklessly!
You are too injured to fight recklessly!
You are too injured to fight recklessly!
You are too injured to fight recklessly!
You are too injured to fight recklessly!
You are too injured to fight recklessly!
You are too injured to fight recklessly!
You are too injured to fight recklessly!
You are too injured to fight recklessly!
You are too injured to fight recklessly!
You are too injured to fight recklessly!
You are too injured to fight recklessly!
You are too injured to fight recklessly!
You are too injured to fight recklessly!
You are too injured to fight recklessly!
You are too injured to fight recklessly!
Your transformation has ended.
You turn into a tree.
Your roots penetrate the ground.
Ijyb hits you but does no damage.
The frilled lizard bites you but does no damage.
You smack Ijyb!
Ijyb is moderately wounded.
Ijyb hits you but does no damage.
The frilled lizard bites you but does no damage.
You hit Ijyb.
Ijyb is moderately wounded.
Ijyb zaps a wand.
You barely resist.
The frilled lizard hisses.
The frilled lizard bites you but does no damage.
You barely miss Ijyb.
Ijyb is moderately wounded.
Ijyb zaps a wand.
Your mind is blasted!
You die...

#.###### #......#
######.# ##+#
#####.#### #...#
##........# .....#
#.........# ......#
#..###.#..#
.......####...#)))..#
......l♣............#
......g####...#.._.⌠#
.#._.#. #..##.....#
.... .$ #....⌠.⌠..#
#.. ..# #####.#####
## ### #.# #.# #.#


You could see Ijyb and a frilled lizard.

Vanquished Creatures
  2 bombardier beetles (D:3)
  Robin (D:2)
  2 adders
  A ribbon worm (D:2)
  3 dart slugs
  4 orcs (D:3)
  4 ball pythons
  6 endoplasms
  A giant cockroach (D:1)
  8 goblins
  5 hobgoblins
  4 quokkas
  5 bats
  5 frilled lizards
  3 kobolds
  6 rats
60 creatures vanquished.

Notes
Turn   | Place    | Note
-------+----------+-------------------------------------------
     0 | D:1      | BigPumpCobain the Draconian Shapeshifter began the quest
                  | for the Orb.
     0 | D:1      | Reached XP level 1. HP: 16/16 MP: 1/1
   217 | D:1      | Found Ifuin's General Store.
   291 | D:1      | Reached XP level 2. HP: 23/23 MP: 2/2
  1056 | D:2      | Found a broken altar of Ashenzari.
  1156 | D:2      | Reached XP level 3. HP: 27/29 MP: 3/3
  1596 | D:2      | Noticed Robin
  1611 | D:2      | Killed Robin
  1612 | D:2      | Reached XP level 4. HP: 13/36 MP: 4/4
  1978 | D:3      | Reached skill level 4 in Unarmed Combat
  2081 | D:3      | Reached XP level 5. HP: 38/42 MP: 5/5
  2202 | D:3      | Found a faded altar of an unknown god.
  2295 | D:3      | Found a white marble altar of Elyvilon.
  2296 | D:3      | Noticed Ijyb
  2302 | D:3      | Blown up by Ijyb

Illustrated notes

Levels and vault maps discovered:
D:1:      dpeg_arrival_prison, layout_basic, serial_shops, shop
D:2:      cheibrodos_helix_gallery, layout_loops_ring, basic_altar,
          chequers_decorated_corner, minmay_octomino_c4, uniq_robin
D:3:      kb_forest_paths, layout_loops_corners,
          mainiacjoe_overflow_tiny_flanked, mainiacjoe_overflow_alcove_4,
          hellmonk_ecumenical_altar_run_dry, kennysheep_generic_room_10,
          uniq_ijyb

Skill      XL: |  1  2  3  4 |
---------------+-------------+-----
Dodging        | 2 |  2.6
Fighting       | 2 |  2.5
Unarmed Combat | 4 |  4.4
Shapeshifting  | |  3.6

Action                     |  1- 3 |  4- 6 || total
---------------------------+-------+-------++-------
  Melee: Unarmed           |    98 |    46 ||   144
         Tailslap          |    12 |     5 ||    17
         Punch             |     2 |     2 ||     4
    Use: Potion            |       |     1 ||     1
   Stab: Sleeping          |     2 |     3 ||     5
 Armour: Skin              |    47 |    20 ||    67
  Dodge: Dodged            |    63 |    22 ||    85
